 Dungeon Crawl Stone Soup version 0.21-a0-531-gacddea6 (webtiles) character file.

517 mopl the Bolt Thrower (level 7, -2/56 HPs)
             Began as a Gnoll Wanderer on Dec 12, 2017.
             Slain by a gnoll
             ... wielding a +0 halberd
              (12 damage)
             ... on level 4 of the Dungeon.
             The game lasted 00:04:03 (2589 turns).

mopl the Bolt Thrower (Gnoll Wanderer)              Turns: 2589, Time: 00:04:04

Health: -2/56      AC:  9    Str: 16    XL:     7   Next: 20%
Magic:  10/10      EV:  7    Int: 14    God:
Gold:   83         SH:  0    Dex: 15    Spells: 10/10 levels left

rFire    . . .     SeeInvis .   a - +0 mace
rCold    . . .     Gourm    .   (no shield)
rNeg     . . .     Faith    .   A - +0 chain mail
rPois    .         Spirit   .   F - +0 hat
rElec    .         Reflect  .   (no cloak)
rCorr    .         Harm     .   (no gloves)
MR       .....                  p - +0 pair of boots
Stlth    ..........             (no amulet)
HPRegen  0.18/turn              z - ring of loudness (curse)
MPRegen  0.12/turn              (no ring)

@: no status effects
A: distributed training, fangs 1, strong nose
a: no special abilities


You were on level 4 of the Dungeon.
You were hungry.

You visited 1 branch of the dungeon, and saw 4 of its levels.

You collected 83 gold pieces.

Inventory:

Hand Weapons
 a - a +0 mace (weapon)
 b - a +2 blowgun
 c - a +0 hand crossbow
 w - a +0 hunting sling
 G - a +0 shortbow
Missiles
 d - 21 bolts
 e - 6 curare-tipped needles
 h - 42 arrows
 j - 14 tomahawks (quivered)
 m - 179 stones
 t - 68 sling bullets
 E - 13 poisoned needles
Armour
 p - a +0 pair of boots (worn)
 A - a +0 chain mail (worn)
 F - a +0 hat (worn)
Jewellery
 z - a cursed ring of loudness (left hand)
Wands
 B - a wand of disintegration (7)
Scrolls
 i - 3 scrolls of teleportation {unknown}
 l - a scroll of immolation {unknown}
 n - a scroll of amnesia {unknown}
 r - 4 scrolls of identify {unknown}
 s - a scroll of noise {unknown}
 y - 3 scrolls of remove curse {unknown}
 C - 3 scrolls of blinking {unknown}
Potions
 u - a potion of might {unknown}
 v - a potion of degeneration {unknown}
 x - a potion of lignification {unknown}
 D - a potion of berserk rage {unknown}
Comestibles
 g - 2 bread rations
 k - a royal jelly


   Skills:
 + Level 5.1 Fighting
 + Level 2.3 Short Blades
 + Level 2.3 Long Blades
 + Level 2.3 Axes
 + Level 7.0 Maces & Flails
 + Level 2.3 Polearms
 + Level 2.3 Staves
 + Level 2.3 Slings
 + Level 2.3 Bows
 + Level 7.0 Crossbows
 + Level 3.5 Throwing
 + Level 2.3 Armour
 + Level 2.3 Dodging
 + Level 2.3 Stealth
 + Level 2.3 Shields
 + Level 2.3 Unarmed Combat
 + Level 2.3 Spellcasting
 + Level 1.8 Conjurations
 + Level 1.8 Hexes
 + Level 1.8 Charms
 + Level 1.8 Summonings
 + Level 1.8 Necromancy
 + Level 1.8 Translocations
 + Level 1.8 Transmutations
 + Level 1.8 Fire Magic
 + Level 1.8 Ice Magic
 + Level 1.8 Air Magic
 + Level 1.8 Earth Magic
 + Level 1.8 Poison Magic
 + Level 2.5 Invocations
 + Level 3.5 Evocations


You had 10 spell levels left.
You didn't know any spells.

Dungeon Overview and Level Annotations

Branches:
Dungeon (4/15)             Temple (0/1) D:4

Altars:
Hepliaklqana


Innate Abilities, Weirdness & Mutations

Your experience applies equally to all skills.
You have very sharp teeth.
Your uncanny sense of smell can sniff out nearby items.


Message History

Your Crossbows skill increases to level 7!
The gnoll hits you but does no damage.
Unknown command.
You hit the gnoll.
The gnoll is moderately wounded.
The gnoll hits you but does no damage.
You barely miss the gnoll.
The gnoll is moderately wounded.
The gnoll hits you from afar with a halberd.
The gnoll hits you but does no damage.
You hit the gnoll.
The gnoll is heavily wounded.
The gnoll hits you from afar with a halberd!
* * * LOW HITPOINT WARNING * * *
The gnoll hits you.
* * * LOW HITPOINT WARNING * * *
You barely miss the gnoll.
The gnoll is heavily wounded.
The gnoll hits you from afar with a halberd!
You die...

∆ ..# #..# #..# ∆
#..## #...
###########.#
.......@ggg.#######
####.#####.........
##.###### #.# #.###
#...# ###.# #.# #.#


You could see 3 gnolls.

Vanquished Creatures
  Sigmund (D:3)
  An ogre (D:2)
  A centaur (D:3)
  A bullfrog (D:3)
  An orc wizard (D:3)
  4 adders
  A gnoll (D:4)
  A dart slug (D:2)
  4 leopard geckos
  7 orcs (D:3)
  2 giant cockroaches
  6 goblins
  5 hobgoblins
  8 bats
  3 frilled lizards
  5 kobolds
  A leopard gecko skeleton (D:3)
  2 rats
54 creatures vanquished.

Notes
Turn   | Place    | Note
-------+----------+-------------------------------------------
     0 | D:1      | mopl the Gnoll Wanderer began the quest for the Orb.
     0 | D:1      | mopl set off with: 4 curare-tipped needles, a +2 blowgun, a +0 hand crossbow, 21 bolts, a +0 mace, a +0 robe, a bread ration
     0 | D:1      | Reached XP level 1. HP: 20/20 MP: 2/2
   347 | D:1      | Reached XP level 2. HP: 20/26 MP: 3/3
   849 | D:2      | Noticed an ogre
   874 | D:2      | Killed an ogre
   874 | D:2      | Reached skill level 1 in Short Blades
   874 | D:2      | Reached skill level 1 in Long Blades
   874 | D:2      | Reached skill level 1 in Axes
   874 | D:2      | Reached skill level 1 in Polearms
   874 | D:2      | Reached skill level 1 in Staves
   874 | D:2      | Reached skill level 1 in Slings
   874 | D:2      | Reached skill level 1 in Bows
   874 | D:2      | Reached skill level 1 in Armour
   874 | D:2      | Reached skill level 1 in Dodging
   874 | D:2      | Reached skill level 1 in Stealth
   874 | D:2      | Reached skill level 1 in Shields
   874 | D:2      | Reached skill level 1 in Unarmed Combat
   874 | D:2      | Reached skill level 1 in Spellcasting
   874 | D:2      | Reached skill level 1 in Conjurations
   874 | D:2      | Reached skill level 1 in Hexes
   874 | D:2      | Reached skill level 1 in Charms
   874 | D:2      | Reached skill level 1 in Summonings
   874 | D:2      | Reached skill level 1 in Necromancy
   874 | D:2      | Reached skill level 1 in Translocations
   874 | D:2      | Reached skill level 1 in Transmutations
   874 | D:2      | Reached skill level 1 in Fire Magic
   874 | D:2      | Reached skill level 1 in Ice Magic
   874 | D:2      | Reached skill level 1 in Air Magic
   874 | D:2      | Reached skill level 1 in Earth Magic
   874 | D:2      | Reached skill level 1 in Poison Magic
   874 | D:2      | Reached skill level 1 in Invocations
   874 | D:2      | Reached XP level 3. HP: 16/31 MP: 3/5
   874 | D:2      | Reached XP level 4. HP: 20/38 MP: 3/6
  1088 | D:2      | Found a faded altar of an unknown god.
  1132 | D:2      | Reached XP level 5. HP: 40/43 MP: 7/7
  1258 | D:2      | Found a hazy altar of Hepliaklqana.
  1617 | D:3      | Reached skill level 3 in Throwing
  1617 | D:3      | Reached skill level 3 in Evocations
  2111 | D:3      | Reached skill level 2 in Invocations
  2111 | D:3      | Reached XP level 6. HP: 31/50 MP: 8/8
  2187 | D:3      | Noticed Sigmund
  2208 | D:3      | Killed Sigmund
  2208 | D:3      | Reached skill level 5 in Fighting
  2208 | D:3      | Reached skill level 2 in Short Blades
  2208 | D:3      | Reached skill level 2 in Long Blades
  2208 | D:3      | Reached skill level 2 in Axes
  2208 | D:3      | Reached skill level 2 in Polearms
  2208 | D:3      | Reached skill level 2 in Staves
  2208 | D:3      | Reached skill level 2 in Slings
  2208 | D:3      | Reached skill level 2 in Bows
  2208 | D:3      | Reached skill level 2 in Armour
  2208 | D:3      | Reached skill level 2 in Dodging
  2208 | D:3      | Reached skill level 2 in Stealth
  2208 | D:3      | Reached skill level 2 in Shields
  2208 | D:3      | Reached skill level 2 in Unarmed Combat
  2208 | D:3      | Reached skill level 2 in Spellcasting
  2415 | D:3      | Reached XP level 7. HP: 33/56 MP: 10/10
  2563 | D:4      | Found a staircase to the Ecumenical Temple.
  2584 | D:4      | Reached skill level 7 in Maces & Flails
  2584 | D:4      | Reached skill level 7 in Crossbows
  2589 | D:4      | Slain by a gnoll

Vault maps used:
D:1:      dpeg_arrival_line_fractal, serial_bayou_lake_a
D:2:      overflow_temple_1_default, chequers_ecumenical_altar_grove,
          kennysheep_generic_room_11
D:3:      uniq_sigmund
D:4:      minmay_temple_entry_large_hall, first_bread

Skill      XL: |  1  2  3  4  5  6  7 |
---------------+----------------------+-----
Short Blades   | 1 2 |  2.3
Long Blades    | 1 2 |  2.3
Axes           | 1 2 |  2.3
Polearms       | 1 2 |  2.3
Staves         | 1 2 |  2.3
Slings         | 1 2 |  2.3
Bows           | 1 2 |  2.3
Armour         | 1 2 |  2.3
Dodging        | 1 2 |  2.3
Stealth        | 1 2 |  2.3
Shields        | 1 2 |  2.3
Unarmed Combat | 1 2 |  2.3
Spellcasting   | 1 2 |  2.3
Conjurations   | 1 |  1.8
Hexes          | 1 |  1.8
Charms         | 1 |  1.8
Summonings     | 1 |  1.8
Necromancy     | 1 |  1.8
Translocations | 1 |  1.8
Transmutations | 1 |  1.8
Fire Magic     | 1 |  1.8
Ice Magic      | 1 |  1.8
Air Magic      | 1 |  1.8
Earth Magic    | 1 |  1.8
Poison Magic   | 1 |  1.8
Invocations    | 1 2 |  2.5
Throwing       | 3 |  3.5
Evocations     | 3 |  3.5
Fighting       | 5 |  5.1
Maces & Flails | 7 |  7.0
Crossbows      | 7 |  7.0

Action                   |  1- 3 |  4- 6 |  7- 9 || total
-------------------------+-------+-------+-------++-------
Melee: Mace              |    36 |   137 |    10 ||   183
       Bite              |     1 |    13 |       ||    14
       Unarmed           |       |     4 |       ||     4
 Fire: Blowgun           |     1 |     2 |       ||     3
 Stab: Sleeping          |     1 |       |       ||     1
  Eat: Chunk             |       |     5 |       ||     5
Armor: Robe              |     2 |       |       ||     2
       Leather armour    |     2 |       |       ||     2
       Ring mail         |    12 |    62 |       ||    74
       Chain mail        |       |       |     3 ||     3
Dodge: Dodged            |    33 |   101 |     1 ||   135

Table legend:
 A = Spawn XP
 B = Non-spawn XP
 C = Spawn XP percentage of total XP
 D = Spawn monster count
 E = Non-spawn monster count
 F = Spawn count percentage of total count
 G = Total turns spent on level
                    A         B        C        D         E        F      G
               +---------+---------+-------+---------+---------+-------+---------
         Total |       0 |     739 |   0.0 |       0 |      54 |   0.0 |  2589
               +---------+---------+-------+---------+---------+-------+---------
           D:1 |       0 |      15 |   0.0 |       0 |       9 |   0.0 |   837
           D:2 |       0 |     188 |   0.0 |       0 |      16 |   0.0 |   912
           D:3 |       0 |     522 |   0.0 |       0 |      28 |   0.0 |   804
           D:4 |       0 |      14 |   0.0 |       0 |       1 |   0.0 |    36
               +---------+---------+-------+---------+---------+-------+---------
